 Dungeon Crawl Stone Soup version 0.30-a0-149-g7f746667c4 (webtiles) character file.

Game seed: 8896424395479416157

257520 Pooter the Slayer (level 19, -4/172 HPs)
             Began as a Minotaur Berserker on Sept 23, 2022.
             Was a High Priest of Trog.
             Slain by an eight-headed hydra (7 damage)
             ... called by a spriggan druid
             ... on level 4 of the Swamp on Sept 26, 2022.
             The game lasted 05:12:45 (53100 turns).

Pooter the Slayer (Minotaur Berserker)             Turns: 53100, Time: 05:12:46

Health: -4/172     AC: 32    Str: 32    XL:     19   Next: 48%
Magic:  6/6        EV: 14    Int:  5    God:    Trog [*****.]
Gold:   935        SH:  0    Dex: 15    Spells: 18/18 levels left

rFire   + . .      SeeInvis +    a - +5 executioner's axe (antimagic)
rCold   . . .      Faith    .    (shield currently unavailable)
rNeg    + . .      Spirit   .    d - +6 scale mail of the Futuristic God {rF+ Str+6}
rPois   +          Reflect  .    y - +0 hat "Moizol" {Regen+}
rElec   .          Harm     .    U - +2 ratskin cloak {*Rats rPois rN+ Str-1 Int-1 Dex+1}
rCorr   .          Rampage  ∞    O - +2 pair of gloves {Str+3}
Will    +....                    w - +3 pair of seven-league boots {Rampage+∞}
Stlth   ++........               s - amulet of regeneration
HPRegen 1.98/turn                l - +4 ring of protection
MPRegen 0.10/turn                G - +4 ring of slaying

@: on berserk cooldown, slowed, very slow
A: horns 2, retaliatory headbutt, talons 1, iridescent scales 1, see invisible,
frail 1
}: 1/15 runes: gossamer
a: Renounce Religion, Berserk, Trog's Hand, Brothers in Arms


You were on level 4 of the Swamp.
You worshipped Trog.
Trog was extremely pleased with you.
You visited 7 branches of the dungeon, and saw 34 of its levels.
You visited the Abyss 1 time.
You also visited: Ice Cave, Volcano and Wizlab.

You collected 3865 gold pieces.
You spent 2930 gold pieces at shops.

Inventory:

Hand Weapons
 a - a +5 antimagic executioner's axe (weapon)
   (Trog gifted it to you on level 4 of the Spider Nest)
 b - a +4 arbalest of flaming
   (You bought it in a shop on level 2 of the Elven Halls)
 i - a +2 great mace of holy wrath
   (You found it on level 2 of the Swamp)
 I - a +4 battleaxe of flaming
   (You found it in a volcano)
Missiles
 k - 5 boomerangs of dispersal {!f}
 q - 11 javelins
 r - 3 silver javelins
 A - 14 curare-tipped darts
 S - 21 boomerangs (quivered)
Armour
 d - the +6 scale mail of the Futuristic God (worn) {rF+ Str+6}
   (You took it off an orc high priest on level 3 of the Elven Halls)

   Str:       It affects your strength (+6).
   rF:        It protects you from fire.
 w - the +3 pair of seven-league boots (worn) {Rampage+∞}
   (You acquired it on level 2 of the Elven Halls)

   Its wearer moves as far as possible in that direction when moving towards
   enemies.
 y - the +0 hat "Moizol" (worn) {Regen+}
   (You found it on level 2 of the Elven Halls)

   Regen:     It increases your rate of health regeneration.
 E - a scarf of repulsion
   (You found it in a wizard's laboratory)
 M - a +6 plate armour of fire resistance
   (You found it in a volcano)
 O - a +2 pair of gloves of strength (worn)
   (You found it in a volcano)
 U - the +2 ratskin cloak (worn) {*Rats rPois rN+ Str-1 Int-1 Dex+1}
   (You found it on level 4 of the Dungeon)

   When the wearer is hurt, rats may emerge from it to assist them.
   Str:       It affects your strength (-1).
   Int:       It affects your intelligence (-1).
   Dex:       It affects your dexterity (+1).
   rPois:     It protects you from poison.
   rN:        It protects you from negative energy.
Jewellery
 l - a +4 ring of protection (left hand)
   (You found it on level 11 of the Dungeon)
 s - an amulet of regeneration (around neck)
   (You found it on level 1 of the Dungeon)
 C - a ring of resist corrosion
   (You bought it in a shop on level 2 of the Orcish Mines)
 F - the ring "Uzxoikk" {rF+ rC+ SInv}
   (You found it on level 13 of the Dungeon)

   [ring of see invisible]

   rF:        It protects you from fire.
   rC:        It protects you from cold.
   SInv:      It lets you see invisible.
 G - a +4 ring of slaying (right hand)
   (You bought it in a shop on level 2 of the Dungeon)
 N - a ring of positive energy
   (You found it on level 2 of the Spider Nest)
 P - a ring of poison resistance
   (You bought it in a shop on level 2 of the Orcish Mines)
Wands
 f - a wand of flame (83)
   (You found it on level 7 of the Dungeon)
 u - a wand of paralysis (20)
   (You found it on level 2 of the Lair of Beasts)
 z - a wand of quicksilver (10)
   (You found it on level 3 of the Swamp)
 D - a wand of digging (21)
   (You found it on level 10 of the Dungeon)
 R - a wand of roots (16)
   (You took it off Maurice on level 1 of the Orcish Mines)
 T - a wand of polymorph (4)
   (You found it on level 1 of the Lair of Beasts)
 X - a wand of mindburst (16)
   (You took it off a gnoll on level 6 of the Dungeon)
Scrolls
 c - 5 scrolls of noise {!r}
 e - a scroll of blinking
 t - 12 scrolls of teleportation {@r4}
 B - 3 scrolls of poison {!r}
 H - 4 scrolls of silence
 J - 5 scrolls of immolation {!r}
 V - 3 scrolls of summoning
 W - 4 scrolls of magic mapping
 Y - 4 scrolls of fear
 Z - 3 scrolls of butterflies
Potions
 g - 2 potions of cancellation
 h - 2 potions of lignification {!q}
 j - 11 potions of curing {@q1}
 m - 3 potions of invisibility
 n - 4 potions of heal wounds {@q2}
 p - 3 potions of mutation {!q}
 v - 4 potions of haste {@q3}
 x - 11 potions of might
 K - 4 potions of resistance
Miscellaneous
 o - a condenser vane
   (You found it in an ice cave)
 L - a phial of floods
   (You found it on level 4 of the Lair of Beasts)
 Q - a tin of tremorstones (2/2)
   (You found it on level 3 of the Elven Halls)


   Skills:
 * Level 22.2 Fighting
 + Level 19.6(20.1) Axes
 + Level 7.5(14.7) Maces & Flails
 - Level 18.0 Ranged Weapons
 - Level 13.1 Throwing
 - Level 11.4 Armour
 + Level 8.3 Dodging
 + Level 7.9 Stealth
 - Level 10.2 Evocations


You had 18 spell levels left.
You didn't know any spells.
Your spell library was empty.

Dungeon Overview and Level Annotations

Branches:
Dungeon (15/15)            Temple (0/1) D:4            Lair (5/5) D:11
  Swamp (4/4) Lair:3       Spider (4/4) Lair:3        Slime (0/5) Lair:4
    Orc (2/2) D:11            Elf (3/3) Orc:2        Vaults (0/5) D:14
 Depths (1/4) D:15          IceCv (visited)         Volcano (visited)
 WizLab (visited)

Altars:
Fedhas
Hepliaklqana
Makhleb
Qazlal
Trog
Vehumet
Xom
Yredelemnul
Zin
The Shining One
Jiyva
Lugonu

Shops:
D:2 =   D:4 !*(!*   Orc:2 ?!**   Elf:1 !   Elf:2 ([

Portals:
Abyss: Lair:5

Annotations:
Swamp:2 3 runed translucent doors, Goud's ghost, adept BaIE
Swamp:4 Roxanne
Elf:2 3 runed translucent doors


Innate Abilities, Weirdness & Mutations

You have a pair of horns on your head.
You reflexively headbutt those who attack you in melee.
You have sharp toenails.
You are partially covered in iridescent scales. (AC +2)
You have supernaturally acute eyesight. (SInv)
You are frail. (-10% HP)


Message History

A bunyip comes into view.
The spriggan attacks as you move away! The spriggan hits you with a +0 rapier!
* * * LOW HITPOINT WARNING * * *
Your hell rat closely misses the bunyip.
A goliath frog comes into view.
An eight-headed hydra comes into view.
The bunyip claws your hell rat!!!
Your hell rat dies!
The spriggan barely misses you. You furiously retaliate!
You headbutt the spriggan, but do no damage.
Roxanne asks, "Say, could you scratch my back for me?"
Roxanne falters for a moment.
The alligator puts on a burst of speed!
The swamp worm fires a harpoon shot at you.
The harpoon shot hits you!
* * * LOW HITPOINT WARNING * * *
You are yanked forward by the harpoon shot.
Splash!
You fall into the shallow water.
Moving in this stuff is going to be slow.
The bunyip howls a warning cry!
A seven-headed hydra comes into view.
The spriggan hits you with a +0 rapier.
* * * LOW HITPOINT WARNING * * *
The alligator completely misses you. The alligator closely misses you.
You hear a roar!
You hear a deafening roar!
You hear a roar! x4
The swamp worm attacks as you move away!
The swamp worm closely misses you.
The swamp worm bites you but does no damage.
The spriggan hits you but does no damage.
The alligator bites you.
* * * LOW HITPOINT WARNING * * *
The alligator tail-slaps you.
* * * LOW HITPOINT WARNING * * *
The tyrant leech bites you but does no damage.
The swamp worm bites you.
* * * LOW HITPOINT WARNING * * *
The alligator barely misses you.
The alligator tail-slaps you but does no damage.
The tyrant leech bites you but does no damage.
There is a stone staircase leading up, spattered with blood here.
The alligator no longer looks unusually strong.
The tyrant leech no longer looks unusually strong.
The swamp worm no longer looks unusually strong.
The bunyip claws you but does no damage.
The bunyip closely misses you. The bunyip claws you!!
* * * LOW HITPOINT WARNING * * *
The swamp worm closely misses you. You furiously retaliate!
You headbutt the swamp worm! The alligator completely misses you.
You furiously retaliate!
You headbutt the alligator. The alligator barely misses you.
The eight-headed hydra bites you!
You die...

♣♣♣ ♣♣♣♣♣♣♣
.~~.♣♣♣~...~♣ .
~~~~~..~.8xw♣♣♣♣~...
§~~~.~.~..iw@~~~...~
~~~~~.~~~.itDx~~...~
~§~~~..)....i~~.♣♣♣♣
~~~~~§~~.~~~~~F.♣
~~~~~~~~~~~~~~...~
~~~~~.~~~D~~~...~.♣
~~~~..♣.~~~~~..~~~~♣
...~~~♣~..~.~~~~~~~~
~~~~~~.~....~~..


You could see Roxanne (magic disrupted), 2 bunyips, an alligator (swift), an
eight-headed hydra, a seven-headed hydra (wandering), a tyrant leech, a spriggan
druid, a goliath frog (wandering), a swamp worm and 2 spriggans.

Vanquished Creatures
  Arachne (Spider:4)
  Nikola (Swamp:2)
  Jorgrun (Elf:2)
  A tentacled monstrosity (Swamp:2)
  Mlioglotl (Spider:2)
  Rupert (D:15)
  A deep elf blademaster (Elf:3)
  2 deep elf master archers (Elf:3)
  A sphinx (D:13)
  Kirke (Lair:4)
  A fenstrider witch (Swamp:1)
  6 emperor scorpions
  Aizul (Spider:3)
  7 deep elf elementalists (Elf:3)
  6 deep elf sorcerers
  2 ghost moths
  A stone giant (D:15)
  7 broodmothers
  4 deep elf demonologists
  4 eleionomae (Swamp:3)
  4 deep elf annihilators (Elf:3)
  Nessos (D:13)
  A spark wasp (WizLab)
  A spark wasp (shapeshifter) (D:13)
  2 bunyips (Swamp:1)
  2 ettins (D:13)
  9 entropy weavers
  4 deep elf death magi
  A shambling mangrove (Swamp:1)
  2 deep elf high priests (Elf:3)
  14 hydras
  A spriggan air mage (WizLab)
  An ogre mage (D:15)
  2 ghost crabs
  4 jorogumos
  4 radroaches
  2 ironbound frosthearts (IceCv)
  21 dancing weapons
  13 two-headed ogres
  9 death yaks
  A satyr (shapeshifter) (D:13)
  3 alligators
  5 centaur warriors
  3 boulder beetles
  4 tengu warriors
  A deep troll shaman (D:15)
  2 orc high priests (Elf:3)
  4 thrashing horrors (Lair:5)
  A shock serpent (WizLab)
  13 deep elf knights
  3 hell knights
  7 skeletal warriors
  2 death drakes
  A salamander mystic (Volcano)
  7 pharaoh ants
  3 sun moths
  4 spriggan druids
  3 goliath frogs (Swamp:1)
  A flayed ghost (D:13)
  12 orb spiders
  15 deep elf archers
  3 steelbarb worms
  A glowing orange brain (shapeshifter) (D:13)
  2 swamp dragons
  3 bog bodies
  3 orc knights
  A phantasmal warrior (D:13)
  18 deep elf zephyrmancers
  3 wizards
  2 oklob plants
  The ghost of Splishie the Covert, a novice GnWn of Makhleb (D:6)
  6 orc sorcerers
  14 wolf spiders
  13 ugly things
  21 deep elf pyromancers
  A will-o-the-wisp (Swamp:1)
  6 manticores
  2 cyclopes
  4 slime creatures (D:14)
  4 black mambas
  5 salamanders (Volcano)
  15 elephants
  Maurice (Orc:1)
  4 smoke demons (Lair:5)
  An ice statue (IceCv)
  An apocalypse crab (WizLab)
  A gargoyle (D:11)
  3 torpor snails
  Psyche (D:10)
  8 cane toads
  2 unseen horrors
  10 komodo dragons
  A kobold demonologist (D:9)
  A tengu conjurer (D:15)
  A large abomination (Abyss:2)
  8 demonic crawlers
  3 rime drakes
  2 ancient zymes (Lair:5)
  2 bloated husks
  7 meliai
  9 tyrant leeches
  4 trolls
  12 polar bears
  Grinder (D:5)
  2 wind drakes (WizLab)
  31 tarantellas
  9 blink frogs (Lair:5)
  9 hornets
  49 jumping spiders
  8 small abominations (Lair:5)
  10 spriggans
  A shadow (D:12)
  A ynoxinul (Lair:5)
  4 water elementals
  28 culicivoras
  A culicivora (shapeshifter) (D:13)
  A spriggan (shapeshifter) (Lair:5)
  Eustachio (D:4)
  11 air elementals
  A wraith (D:14)
  A vampire (D:12)
  A yak (shapeshifter) (Elf:2)
  77 yaks
  6 wyverns
  8 fire bats (Volcano)
  3 hogs (Lair:4)
  16 humans (D:14)
  6 basilisks
  2 fire elementals
  A neqoxec (Abyss:2)
  A steam dragon (Lair:1)
  13 vampire mosquitoes
  56 redbacks
  7 wargs
  An acid dragon (D:8)
  10 swamp worms
  18 water moccasins
  3 swamp drakes
  11 orc warriors
  An ice beast (D:7)
  3 black bears
  A sky beast (D:7)
  7 centaurs
  17 wolves (IceCv)
  6 ogres
  3 phantoms
  3 kobold brigands
  A necrophage (D:6)
  5 earth elementals
  8 bullfrogs
  3 gnoll sergeants (D:6)
  7 scorpions
  5 wights
  11 killer bees
  An electric eel (Spider:1)
  2 howler monkeys
  6 lava snakes (Volcano)
  3 jellies
  3 gnoll boudas
  12 orc priests
  6 hounds
  7 iguanas
  45 orc wizards
  15 gnolls
  10 adders
  2 shadow imps
  4 white imps
  81 orcs
  5 ball pythons
  7 bats
  5 endoplasms
  2 giant cockroaches
  7 goblins
  6 hobgoblins
  3 jackals (D:1)
  3 quokkas
  3 frilled lizards (D:2)
  21 kobolds
  3 rats
  A spectral hobgoblin (D:10)
1206 creatures vanquished.

Vanquished Creatures (collateral kills)
  An ettin (Orc:2)
  An orc sorcerer (Orc:2)
  A tarantella (Spider:4)
  A shadow (D:10)
  A yak (D:9)
  A wyvern (Lair:5)
  A redback (Spider:2)
  A warg (Orc:2)
  A centaur (D:10)
  A scorpion (Lair:3)
  A lava snake (Volcano)
  An orc wizard (Orc:2)
  2 worms (Lair:3)
  2 orcs (Orc:2)
  A hobgoblin (D:10)
17 creatures vanquished.

Vanquished Creatures (others)
  A deep elf pyromancer (Elf:3)
  A swamp worm (Swamp:2)
  An orc warrior (Elf:3)
  An orc wizard (Orc:2)
  A bush (Lair:5)
  6 foxfires (Swamp:1)
  21 fungi
  38 plants
70 creatures vanquished.

Grand Total: 1293 creatures vanquished

Notes
Turn   | Place    | Note
-------+----------+-------------------------------------------
     0 | D:1      | Pooter the Minotaur Berserker began the quest for the Orb.
     0 | D:1      | Reached XP level 1. HP: 19/19 MP: 0/0
   268 | D:1      | Reached skill level 4 in Fighting
   269 | D:1      | Reached XP level 2. HP: 23/27 MP: 1/1
   725 | D:1      | Found a faded altar of an unknown god.
   891 | D:2      | Found Puopnits's Jewellery Boutique.
   983 | D:2      | Reached ** piety under Trog
   994 | D:2      | Reached XP level 3. HP: 34/34 MP: 2/2
  1172 | D:2      | Reached skill level 1 in Ranged Weapons
  1172 | D:2      | Reached skill level 1 in Stealth
  1378 | D:3      | Reached XP level 4. HP: 25/41 MP: 3/3
  1622 | D:3      | Reached skill level 5 in Fighting
  1673 | D:3      | Found a glowing silver altar of Zin.
  1801 | D:3      | Reached XP level 5. HP: 23/48 MP: 4/4
  2211 | D:4      | Found Odghus's Weapon Shop.
  2241 | D:4      | Reached skill level 1 in Maces & Flails
  2242 | D:4      | Found Kol Doech's General Store.
  2250 | D:4      | Bought a potion of heal wounds for 70 gold pieces
  2271 | D:4      | Noticed Eustachio
  2273 | D:4      | Found Ziuqid's Assorted Antiques.
  2315 | D:4      | Killed Eustachio
  2316 | D:4      | Reached XP level 6. HP: 57/57 MP: 5/5
  2417 | D:4      | Found Oduustruegh's Distillery.
  2453 | D:4      | Reached skill level 6 in Fighting
  2497 | D:4      | Noticed a water moccasin
  2507 | D:4      | Killed a water moccasin
  2508 | D:4      | Reached XP level 7. HP: 64/64 MP: 6/6
  2553 | D:4      | Found Talibbis's Distillery.
  2559 | D:4      | Bought a potion of curing for 36 gold pieces
  2708 | D:4      | Found a staircase to the Ecumenical Temple.
  2743 | D:4      | Bought a potion of might for 52 gold pieces
  3015 | D:4      | Found the +2 ratskin cloak {*Rats rPois rN+ Str-1 Int-1
                  | Dex+1}
  3076 | D:5      | Entered Level 5 of the Dungeon
  3153 | D:5      | Noticed Grinder
  3167 | D:5      | Killed Grinder
  3254 | D:5      | Reached skill level 7 in Fighting
  3383 | D:5      | Reached skill level 5 in Ranged Weapons
  3442 | D:5      | Reached XP level 8. HP: 71/73 MP: 7/7
  3500 | D:5      | Reached skill level 5 in Maces & Flails
  3916 | D:5      | Found a shimmering altar of Xom.
  3992 | D:6      | Found a transporter.
  3994 | D:6      | Identified the +1 ring mail of Crawling {rN+}
  4125 | D:6      | Reached skill level 8 in Fighting
  4370 | D:4      | Bought a potion of mutation for 96 gold pieces
  4506 | D:6      | Found a transporter.
  4558 | D:6      | Noticed Splishie's ghost (novice GnWn)
  4619 | D:6      | Found a faded altar of an unknown god.
  4619 | D:6      | Found a basalt altar of Yredelemnul.
  4628 | D:6      | Found a radiant altar of Vehumet.
  4630 | D:6      | Found a bloodstained altar of Trog.
  4632 | D:6      | Found a glowing golden altar of the Shining One.
  4798 | D:6      | Found a burning altar of Makhleb.
  5017 | D:7      | Reached XP level 9. HP: 82/82 MP: 8/8
  5146 | D:7      | Reached skill level 9 in Fighting
  5158 | D:7      | Reached skill level 5 in Axes
  5338 | D:8      | Reached *** piety under Trog
  5339 | D:8      | Reached skill level 1 in Evocations
  5616 | D:8      | Noticed a two-headed ogre
  5622 | D:8      | Killed a two-headed ogre
  5830 | D:8      | Reached XP level 10. HP: 84/93 MP: 9/9
  5841 | D:8      | Reached skill level 10 in Fighting
  6374 | D:9      | Noticed a two-headed ogre
  6389 | D:9      | Killed a two-headed ogre
  6506 | D:9      | Reached skill level 5 in Armour
  6770 | D:4      | Bought a potion of resistance for 130 gold pieces
  7140 | D:9      | Reached skill level 11 in Fighting
  7238 | D:9      | Found a stormy altar of Qazlal.
  7960 | D:10     | Entered Level 10 of the Dungeon
  8012 | D:10     | Noticed a two-headed ogre
  8019 | D:10     | Killed a two-headed ogre
  8020 | D:10     | Reached XP level 11. HP: 102/102 MP: 10/10
  8201 | D:10     | Noticed Psyche
  8211 | D:10     | Killed Psyche
  8700 | D:10     | Found a hazy altar of Hepliaklqana.
  8935 | D:4      | Bought a scroll of teleportation for 42 gold pieces
  9163 | D:4      | Bought a scroll labelled OMUNTEI IFUAM for 26 gold pieces
  9272 | D:11     | Found a staircase to the Orcish Mines.
  9281 | Orc:1    | Entered Level 1 of the Orcish Mines
  9286 | Orc:1    | Noticed an orc knight
  9308 | Orc:1    | Reached skill level 10 in Ranged Weapons
  9332 | D:11     | Killed an orc knight
  9395 | Orc:1    | Found a dark tunnel.
  9405 | Volcano  | Entered a volcano
  9876 | Volcano  | Reached skill level 12 in Fighting
 10581 | Volcano  | Noticed a salamander mystic
 10686 | Volcano  | Noticed a hell knight
 10692 | Volcano  | Found a bloodstained altar of Trog.
 10695 | Volcano  | Killed a hell knight
 10696 | Volcano  | Reached skill level 10 in Axes
 10696 | Volcano  | Killed a salamander mystic
 10823 | Volcano  | Found a burning altar of Makhleb.
 11025 | Orc:2    | Entered Level 2 of the Orcish Mines
 11529 | Orc:2    | Found a staircase to the Elven Halls.
 11696 | Orc:2    | Noticed an orc knight
 11739 | Orc:2    | Killed an orc knight
 11740 | Orc:2    | Reached XP level 12. HP: 105/113 MP: 11/11
 11790 | Orc:1    | Noticed Maurice
 11796 | Orc:1    | Killed Maurice
 11799 | Orc:1    | Reached **** piety under Trog
 11934 | Orc:2    | Noticed an ettin
 11942 | Orc:2    | Killed an ettin
 12128 | Orc:2    | Reached skill level 13 in Fighting
 12128 | Orc:2    | Reached skill level 5 in Evocations
 13329 | Orc:2    | Found Ziuqid's Assorted Antiques.
 13329 | Orc:2    | Found Fiazerr's Assorted Antiques.
 13453 | Orc:2    | Found Heparum's Distillery.
 13453 | Orc:2    | Found Ysmupn's Magic Scroll Emporium.
 13577 | Orc:2    | Bought a scroll of identify for 20 gold pieces
 13577 | Orc:2    | Bought a scroll of identify for 20 gold pieces
 13610 | Orc:2    | Bought a small glass ring for 110 gold pieces
 13610 | Orc:2    | Bought a pearl ring for 110 gold pieces
 13610 | Orc:2    | Bought a scroll of identify for 44 gold pieces
 13820 | D:4      | Bought a scroll of identify for 52 gold pieces
 13821 | D:4      | Upgraded the game from 0.30-a0-137-gd8773701ce to
                  | 0.30-a0-140-gd1020e658a
 13821 | D:4      | Bought a scratched diamond ring for 130 gold pieces
 14020 | Orc:2    | Bought a scroll of teleportation for 30 gold pieces
 14168 | D:6      | Killed Splishie's ghost
 14399 | D:11     | Reached skill level 1 in Throwing
 14487 | D:11     | Found a staircase to the Lair.
 14596 | Orc:2    | Bought a scroll of blinking for 75 gold pieces
 14736 | D:11     | Noticed a boulder beetle
 14751 | D:11     | Killed a boulder beetle
 14868 | D:11     | Noticed a two-headed ogre
 14875 | D:11     | Killed a two-headed ogre
 14953 | D:11     | Noticed a two-headed ogre
 14959 | D:11     | Killed a two-headed ogre
 15442 | Lair:1   | Entered Level 1 of the Lair of Beasts
 15583 | Lair:1   | Reached skill level 14 in Fighting
 15748 | Lair:1   | Reached XP level 13. HP: 113/124 MP: 12/12
 16533 | Lair:2   | Found the +1 robe of Vines {NoPotionHeal Regen++++}
 17811 | Lair:3   | Found a staircase to the Swamp.
 18003 | Lair:3   | Reached skill level 5 in Throwing
 18200 | Orc:2    | Bought a twisted ruby ring for 145 gold pieces
 18635 | Lair:3   | Found a hole to the Spider Nest.
 18987 | Lair:4   | Reached skill level 15 in Fighting
 19017 | Lair:3   | Reached ***** piety under Trog
 19390 | D:4      | Bought a potion of mutation for 104 gold pieces
 19390 | D:4      | Bought a potion of attraction for 39 gold pieces
 19581 | Lair:4   | Gained mutation: You have hidden genetic potential. [potion
                  | of mutation]
 19581 | Lair:4   | Gained mutation: You have a pair of large horns on your
                  | head. [potion of mutation]
 19649 | Lair:4   | Found a viscous altar of Jiyva.
 19651 | Lair:4   | Found a staircase to the Slime Pits.
 19927 | Lair:4   | Noticed Kirke
 19931 | Lair:4   | Noticed a sphinx
 19948 | Lair:4   | Killed Kirke
 20341 | Lair:5   | Entered Level 5 of the Lair of Beasts
 20426 | Lair:5   | Reached XP level 14. HP: 128/135 MP: 13/13
 21304 | Lair:5   | Reached skill level 16 in Fighting
 21557 | Lair:5   | Gained mutation: You have sharp toenails. [hidden
                  | potential]
 21773 | Lair:5   | Found a corrupted altar of Lugonu.
 21773 | Lair:5   | Found a one-way gate to the infinite horrors of the Abyss.
 21778 | Lair:5   | Identified the +1 hand axe of Radicalism {spect, Drain rF++
                  | rN++}
 22610 | D:13     | Reached skill level 15 in Axes
 22823 | D:13     | Found a runed translucent door.
 22825 | D:13     | Noticed a sphinx
 22934 | D:13     | Found a frozen archway.
 22943 | IceCv    | Entered an ice cave
 23085 | IceCv    | Reached skill level 15 in Ranged Weapons
 23134 | IceCv    | Reached XP level 15. HP: 137/145 MP: 14/14
 24768 | IceCv    | Reached skill level 17 in Fighting
 25379 | D:13     | Noticed Nessos
 25389 | D:13     | Killed Nessos
 25595 | D:13     | Found a blossoming altar of Fedhas.
 25893 | D:13     | Gained mutation: Your mind is acute. (Int +4, Str/Dex -1)
                  | [hidden potential]
 25893 | D:13     | Lost mutation: You have hidden genetic potential. [hidden
                  | potential expressed]
 25990 | D:13     | Paralysed by a sphinx for 2 turns
 25993 | D:13     | Killed a sphinx
 26222 | D:13     | Identified the ring "Uzxoikk" {rF+ rC+ SInv}
 26250 | D:14     | Found a gate to the Vaults.
 26267 | D:14     | Reached ****** piety under Trog
 26597 | D:14     | Reached skill level 10 in Throwing
 26598 | D:14     | Received a gift from Trog
 26886 | D:15     | Entered Level 15 of the Dungeon
 27078 | D:15     | Noticed Rupert
 27089 | D:15     | Killed Rupert
 27392 | D:15     | Reached skill level 18 in Fighting
 27392 | D:15     | Reached XP level 16. HP: 133/157 MP: 15/15
 28054 | D:15     | Found a staircase to the Depths.
 28171 | Depths:1 | Entered Level 1 of the Depths
 28171 | Depths:1 | Noticed a tengu reaver
 28171 | Depths:1 | Noticed a lich
 28587 | D:4      | Bought a potion of resistance for 140 gold pieces
 28587 | D:4      | Bought a potion of invisibility for 112 gold pieces
 28587 | D:4      | Bought a scroll of blinking for 105 gold pieces
 28773 | D:15     | Upgraded the game from 0.30-a0-140-gd1020e658a to
                  | 0.30-a0-141-g30f27751c5
 29127 | Elf:1    | Entered Level 1 of the Elven Halls
 29186 | Elf:1    | Found Urojysor's Distillery.
 29222 | Elf:1    | Found a magical portal.
 29268 | WizLab   | Entered The Chambers of the Cloud Mage
 29275 | WizLab   | Paralysed by an air elemental for 1 turns
 29278 | WizLab   | Paralysed by an air elemental for 1 turns
 29283 | WizLab   | Received a gift from Trog
 29290 | WizLab   | Paralysed by an air elemental for 1 turns
 29401 | WizLab   | Paralysed by an air elemental for 1 turns
 29405 | WizLab   | Paralysed by an air elemental for 1 turns
 29642 | WizLab   | Paralysed by an air elemental for 1 turns
 29646 | WizLab   | Paralysed by an air elemental for 1 turns
 29912 | WizLab   | Paralysed by an air elemental for 1 turns
 29918 | WizLab   | Paralysed by an air elemental for 1 turns
 29920 | WizLab   | Paralysed by an air elemental for 1 turns
 30002 | WizLab   | Paralysed by an air elemental for 1 turns
 30008 | WizLab   | Paralysed by an air elemental for 1 turns
 30010 | WizLab   | Paralysed by an air elemental for 1 turns
 30012 | WizLab   | Paralysed by an air elemental for 1 turns
 30122 | Elf:1    | Bought 2 potions of might for 80 gold pieces
 32517 | Elf:1    | Paralysed by an air elemental for 1 turns
 33599 | Elf:2    | Identified a scroll of acquirement
 33605 | Elf:2    | Acquired the +3 pair of seven-league boots {Rampage+∞}
 33605 | Elf:2    | Found the +3 pair of seven-league boots {Rampage+∞}
 33632 | Elf:2    | Noticed Jorgrun
 33634 | Elf:2    | Found Danydyr's Weapon Boutique.
 33657 | Elf:2    | Killed Jorgrun
 33753 | Elf:2    | Found Nophacle's Armour Boutique.
 33759 | Elf:2    | Bought a +1 arbalest of flaming for 226 gold pieces
 33768 | Elf:2    | Identified the +0 hat "Moizol" {Regen+}
 33809 | Elf:2    | Reached skill level 19 in Fighting
 34110 | Elf:2    | Found a runed translucent gate.
 34110 | Elf:2    | Found a runed translucent gate.
 34110 | Elf:2    | Found a runed translucent gate.
 34253 | Elf:3    | Entered Level 3 of the Elven Halls
 34428 | Elf:3    | Reached XP level 17. HP: 168/168 MP: 16/16
 34591 | Elf:3    | Lost mutation: Your mind is acute. (Int +4, Str/Dex -1)
                  | [potion of mutation]
 34591 | Elf:3    | Lost mutation: You have a pair of large horns on your head.
                  | [potion of mutation]
 34591 | Elf:3    | Gained mutation: You sometimes lose your temper in combat.
                  | [potion of mutation]
 34591 | Elf:3    | Gained mutation: Your spells are a little harder to cast,
                  | but a little more powerful. [potion of mutation]
 34592 | Elf:3    | Lost mutation: You have sharp toenails. [potion of
                  | mutation]
 34592 | Elf:3    | Lost mutation: You sometimes lose your temper in combat.
                  | [potion of mutation]
 34592 | Elf:3    | Gained mutation: You expend magic power (3 MP) to
                  | strengthen your wands. [potion of mutation]
 34593 | Elf:3    | Lost mutation: Your spells are a little harder to cast, but
                  | a little more powerful. [potion of mutation]
 34593 | Elf:3    | Lost mutation: You expend magic power (3 MP) to strengthen
                  | your wands. [potion of mutation]
 34593 | Elf:3    | Gained mutation: You are weak. (Str -2) [potion of
                  | mutation]
 34594 | Elf:3    | Lost mutation: You are weak. (Str -2) [potion of mutation]
 34594 | Elf:3    | Gained mutation: Your mind is acute. (Int +4, Str/Dex -1)
                  | [potion of mutation]
 34594 | Elf:3    | Gained mutation: You have sharp toenails. [potion of
                  | mutation]
 34594 | Elf:3    | Gained mutation: You are frail. (-10% HP) [potion of
                  | mutation]
 34594 | Elf:3    | Gained mutation: You have supernaturally acute eyesight.
                  | (SInv) [potion of mutation]
 34598 | Elf:3    | Lost mutation: You have sharp toenails. [potion of
                  | mutation]
 34598 | Elf:3    | Lost mutation: Your mind is acute. (Int +4, Str/Dex -1)
                  | [potion of mutation]
 34598 | Elf:3    | Gained mutation: You have sharp toenails. [potion of
                  | mutation]
 34598 | Elf:3    | Gained mutation: You are partially covered in iridescent
                  | scales. (AC +2) [potion of mutation]
 35534 | Elf:3    | Noticed a deep elf blademaster
 35550 | Elf:3    | Killed a deep elf blademaster
 35879 | Elf:3    | Reached skill level 10 in Evocations
 36107 | Elf:3    | Identified the +5 glaive of the Hurtling Coward {speed,
                  | Str+3}
 37998 | Elf:3    | Identified the +4 flail "Saasef" {vamp, rPois Stlth+}
 38043 | Elf:3    | Noticed a deep elf master archer
 38065 | Elf:3    | Killed a deep elf master archer
 38512 | D:2      | Bought a +4 ring of slaying for 936 gold pieces
 39288 | Elf:3    | Noticed a Brimstone Fiend
 39811 | Abyss:2  | Cast into level 2 of the Abyss (a deep elf demonologist)
 39881 | Elf:3    | Escaped the Abyss
 39886 | Elf:3    | Noticed a Hell Sentinel
 39888 | Elf:3    | Reached skill level 5 in Stealth
 40059 | Elf:3    | Identified the +6 dagger of Salt {vorpal, Fly Str+3 Stlth-}
 40312 | Elf:3    | Identified the +6 scale mail of the Futuristic God {rF+
                  | Str+6}
 40320 | Elf:3    | Noticed a deep elf master archer
 40361 | Elf:3    | Killed a deep elf master archer
 41009 | Elf:3    | Reached skill level 20 in Fighting
 41326 | Spider:1 | Entered Level 1 of the Spider Nest
 42213 | Spider:1 | Identified the +1 leather armour "Paibatud" {rF+ rCorr}
 42348 | Spider:1 | Reached XP level 18. HP: 160/160 MP: 17/17
 42374 | Spider:1 | Upgraded the game from 0.30-a0-141-g30f27751c5 to
                  | 0.30-a0-149-g7f746667c4
 42456 | Spider:2 | Noticed Mlioglotl
 42465 | Spider:2 | Killed Mlioglotl
 42589 | Spider:2 | Reached skill level 5 in Dodging
 43508 | Spider:3 | Noticed Aizul
 43519 | Spider:3 | Killed Aizul
 43907 | Spider:3 | Identified the +2 ring mail of Okawaru's Envy {rPois rF-
                  | rC+ Int+3}
 45223 | Spider:3 | Reached skill level 10 in Armour
 45343 | Spider:4 | Entered Level 4 of the Spider Nest
 45451 | Spider:4 | Received a gift from Trog
 45456 | Spider:4 | Reached skill level 21 in Fighting
 48940 | Spider:4 | Noticed Arachne
 48974 | Spider:4 | Killed Arachne
 49586 | Spider:4 | Received a gift from Trog
 49614 | Spider:4 | Reached XP level 19. HP: 112/171 MP: 6/18
 50306 | Spider:4 | Got a gossamer rune of Zot
 50611 | Swamp:1  | Entered Level 1 of the Swamp
 50908 | Swamp:1  | Identified the +0 cloak of Xusal {rPois Str+3}
 51555 | Swamp:2  | Noticed Nikola
 51660 | Swamp:2  | Found a runed translucent gate.
 51660 | Swamp:2  | Found a runed translucent gate.
 51660 | Swamp:2  | Found a runed translucent gate.
 51678 | Swamp:2  | Killed Nikola
 51679 | Swamp:2  | Reached skill level 22 in Fighting
 51681 | Swamp:2  | Noticed Goud's ghost (adept BaIE)
 52301 | Swamp:3  | Received a gift from Trog
 52438 | Swamp:3  | Found a radiant altar of Vehumet.
 53079 | Swamp:4  | Entered Level 4 of the Swamp
 53079 | Swamp:4  | Noticed Roxanne
 53100 | Swamp:4  | HP: 3/172 [bunyip[a spriggan druid] (19)]
 53100 | Swamp:4  | Slain by an eight-headed hydra

Illustrated notes

Levels and vault maps discovered:
D:1:      dpeg_arrival_round_a, layout_basic,
          hellmonk_ecumenical_altar_leap_of_faith, minmay_misc_feat_x
D:2:      layout_rooms, serial_shops, shop
D:3:      layout_rooms, lemuel_round_altar, minmay_misc_feat_rugged
D:4:      layout_loops_ring, temple_green, serial_shops, shop,
          nicolae_diamond_shop, shop, nicolae_take_the_stairs,
          nicolae_shop_trees, uniq_eustachio
D:5:      layout_loops_corners, tgw_xom, uniq_grinder
D:6:      layout_cave_pools, lightli_temple_of_fire,
          chequers_temple_overflow_minitemple, gammafunk_ghost_gnarly_gnolls,
          chequers_serial_rivers_room_a
D:7:      layout_rooms, dk_noncrumbling_2
D:8:      layout_basic
D:9:      layout_basic, nicolae_qazlal_general_emergency
D:10:     layout_loops_cross, nicolae_hepliaklqana_monster_ancestors,
          grunt_decor_mini_mirrors, minivault_5, uniq_psyche
D:11:     layout_basic, david_lair_generic, orc_0_dummy
D:12:     layout_cave_pools
D:13:     minmay_gate_of_8, layout_loops_corners, portal_ice_cave_rime,
          fedhas_altar_2, uniq_nessos
D:14:     layout_roguey, david_vaults_3, nrook_mini_backslash,
          palyth_stone_intersect
D:15:     grunt_enter_depths_snipers, layout_stronghold,
          minmay_misc_feat_enclosed, uniq_rupert
Lair:1:   layout_long_grid, grunt_megastairs_5, serial_bayou_shore_b
Lair:2:   layout_layer_cave, st_stairs_7, small_statue_intersection,
          hellmonk_guarded_unrand_vines, serial_bayou_shore_b,
          infiniplex_staircase_pool, serial_bayou_shore_b
Lair:3:   layout_cave_pods, minmay_swamp_entry_reptiles,
          nicolae_spider_entry_non_spiders
Lair:4:   layout_gridlike, minmay_slime_entry_oklob_enclosed, uniq_kirke
Lair:5:   hellmonk_lair_end_abyssal_woods, layout_hall_layers
Swamp:1:  layout_falls_marsh, nicolae_swamp_trees_clearing, swamp_pool5
Swamp:2:  layout_falls_marsh, gammafunk_ghost_split, nicolae_swamp_tree_designs,
          uniq_nikola
Swamp:3:  layout_basic_swamp, evilmike_swamp_ruin_house_1, lemuel_altar_in_water
Swamp:4:  grunt_swamp_rune_castle, layout_basic_swamp,
          infiniplex_staircase_pool_2, uniq_mara, uniq_roxanne
Spider:1: nicolae_spider_jumping_over_cracks [nicolae_spider_jumping_sub_moat,
          nicolae_spider_jumping_sub_offset, nicolae_spider_jumping_sub_grid,
          nicolae_spider_jumping_sub_notch]
Spider:2: layout_spider_delve, nicolae_spider_wall_of_niches, uniq_mlioglotl
Spider:3: layout_spider_delve, uniq_aizul
Spider:4: hellmonk_spider_rune_endless_swarm, drop_trap, uniq_arachne
Orc:1:    layout_caves, enter_volcano_1, uniq_maurice
Orc:2:    st_orc_town, layout_diamond_mine
Elf:1:    eino_elf_arrival_shootout, layout_onion_city, serial_shops, shop,
          mu_enter_wizlab_6
Elf:2:    nicolae_elf_blades_crystal_corner, layout_gridlike, minmay_shop_star,
          uniq_jorgrun
Elf:3:    minmay_elf_hall_dome, layout_loops_corners, minivault_28
Depths:1: layout_cross, enter_ziggurat_c, abyss_entry, serial_shops, shop, shop,
          grunt_metal_band, nicolae_yredelemnul_corpse_copse

Skill      XL: |  1  2  3  4  5  6  7  8  9 10 11 12 13 14 15 16 17 18 19 |
---------------+----------------------------------------------------------+-----
Fighting       | 4 5 6 7 8 9 11 12 14 15 16 18 19 20 21 22 | 22.2
Axes           | 4 6 8 10 12 13 15 16 17 18 19 | 19.6
Ranged Weapons | 1 2 3 4 5 6 8 9 11 12 13 15 16 17 18 | 18.0
Stealth        | 1 2 3 4 5 7 |  7.9
Maces & Flails | 2 3 4 6 7 |  7.5
Evocations     | 2 3 4 5 6 7 8 9 10 | 10.2
Armour         | 3 5 6 7 9 10 11 | 11.4
Throwing       | 3 6 8 10 11 13 | 13.1
Dodging        | 4 7 8 |  8.3

Action                   |  1- 3 |  4- 6 |  7- 9 | 10-12 | 13-15 | 16-18 | 19-21 || total
-------------------------+-------+-------+-------+-------+-------+-------+-------++-------
Melee: Hand axe          |    33 |     4 |       |       |       |       |       ||    37
       Headbutt          |     5 |     5 |    22 |    75 |   167 |   177 |    37 ||   488
       Dire flail        |       |    49 |    71 |       |       |       |       ||   120
       Battleaxe         |       |       |    55 |   345 |   659 |   703 |     8 ||  1770
       Broad axe         |       |       |       |       |     8 |       |       ||     8
       Unarmed           |       |       |       |       |     3 |       |       ||     3
       Executioner's axe |       |       |       |       |       |    97 |   160 ||   257
 Fire: Sling             |    31 |    63 |    33 |       |       |       |       ||   127
       Hand crossbow     |       |       |    82 |       |       |       |       ||    82
       Arbalest          |       |       |    33 |   292 |   286 |   521 |   102 ||  1234
Throw: Stone             |     3 |     1 |     2 |       |       |       |       ||     6
       Boomerang         |       |       |       |     4 |    29 |    83 |     9 ||   125
       Javelin           |       |       |       |     2 |       |       |       ||     2
       Dart              |       |       |       |       |     7 |     2 |       ||     9
Invok: Berserk           |     2 |     3 |     7 |    10 |     5 |    17 |     2 ||    46
       Trog's Hand       |     1 |     2 |     9 |    30 |    32 |    51 |     2 ||   127
       Brothers in Arms  |       |       |       |       |       |     1 |       ||     1
Evoke: Wand              |       |       |     1 |     7 |    17 |    25 |     1 ||    51
       Phial of floods   |       |       |       |       |     1 |     1 |       ||     2
       Condenser vane    |       |       |       |       |     1 |     5 |       ||     6
       Tin of tremorston |       |       |       |       |       |     1 |       ||     1
  Use: Scroll            |     4 |     2 |    11 |    12 |     9 |    24 |       ||    62
       Potion            |       |       |       |     3 |     9 |     9 |       ||    21
 Stab: Sleeping          |     2 |       |       |       |       |     2 |       ||     4
       Paralysed         |       |       |       |    16 |     5 |     5 |       ||    26
       Invisible         |       |       |       |       |     1 |       |       ||     1
Armor: Animal skin       |    10 |    17 |       |       |       |       |       ||    27
       Ring mail         |       |     2 |       |       |       |       |       ||     2
       Leather armour    |       |     2 |    35 |       |       |       |       ||    37
       Plate armour      |       |       |    43 |   405 |   756 |   371 |       ||  1575
       Scale mail        |       |       |       |       |       |   377 |   141 ||   518
Dodge: Dodged            |    16 |    50 |    66 |   194 |   349 |   488 |   120 ||  1283
       Repelled          |       |       |       |       |       |    12 |       ||    12

Table legend: (Time is in decaauts)
 A = Elapsed time spent in this place.
 B = Non-inter-level travel time spent in this place.
 C = Inter-level travel time spent in this place.
 D = Time resting spent in this place.
 E = Time spent auto-exploring this place.
 F = Levels seen in this place.
 G = Mean time per level.
                   A        B        C        D        E       F      G
               +--------+--------+--------+--------+--------+-----+--------+
         Total |  54105 |  48846 |   5259 |  20258 |  17192 |  38 | 1423.8 |
       Dungeon |  16856 |  13581 |   3275 |   2880 |   7671 |  15 | 1123.7 |
          Lair |   6523 |   5774 |    749 |    814 |   3754 |   5 | 1304.6 |
         Swamp |   2631 |   2556 |     75 |    272 |   1795 |   4 |  657.8 |
   Spider Nest |   9104 |   8936 |    168 |   5636 |   2087 |   4 | 2276.0 |
  Orcish Mines |   3569 |   3035 |    534 |   1407 |    317 |   2 | 1784.5 |
   Elven Halls |  10845 |  10388 |    457 |   6397 |   1223 |   3 | 3615.0 |
        Depths |      1 |      1 |      0 |      0 |      0 |   1 |    1.0 |
         Abyss |     69 |     69 |      0 |      0 |      0 |   1 |   69.0 |
      Ice Cave |   2240 |   2240 |      0 |   1411 |    319 |   1 | 2240.0 |
       Volcano |   1470 |   1470 |      0 |   1079 |     25 |   1 | 1470.0 |
        Wizlab |    792 |    792 |      0 |    358 |      0 |   1 |  792.0 |
               +--------+--------+--------+--------+--------+-----+--------+

Top non-repeatable levels by time:
   Elf:3: 6069 daAuts
Spider:4: 4660 daAuts
   Elf:1: 3448 daAuts
   Orc:2: 2952 daAuts
   IceCv: 2240 daAuts
Spider:3: 1995 daAuts
    D:11: 1553 daAuts
    D:15: 1539 daAuts
  Lair:5: 1503 daAuts
     D:5: 1500 daAuts
    D:13: 1473 daAuts
  Lair:3: 1473 daAuts
 Volcano: 1470 daAuts
Spider:2: 1442 daAuts
     D:9: 1366 daAuts
